Workbook

Sheet Calculadora
A1: Calculadora de interés compuesto
A2: Modelo de ejemplo listo para editar. Los campos amarillos son supuestos del usuario.
A4: Supuestos editables | F4: Resumen y visualización
A5: Capital inicial | D5: 12500 | F5: Saldo final estimado | I5: Total aportado | L5: Interés generado | O5: % del objetivo
A6: Aportación periódica | D6: 325 | F6: =IFERROR(INDEX($F$26:$F$75,MATCH($D$11,$A$26:$A$75,0)),$D$5) -> 307992.4 | I6: =IFERROR(INDEX($E$26:$E$75,MATCH($D$11,$A$26:$A$75,0)),$D$5) -> 125065.14 | L6: =F6-I6 -> 182927.26 | O6: =IF($D$15=0,"",F6/$D$15) -> 1.0266413
A7: Incremento anual de la aportación | D7: 0.025
A8: Rentabilidad anual bruta esperada | D8: 0.074
A9: Comisión anual estimada | D9: 0.0035 | F9: Saldo real (euros de hoy) | I9: Rentabilidad real anual | L9: Año en que se cumple el objetivo | O9: Objetivo de patrimonio
A10: Inflación anual estimada | D10: 0.02 | F10: =IFERROR(INDEX($G$26:$G$75,MATCH($D$11,$A$26:$A$75,0)),$D$5) -> 199221.51 | I10: =$D$23 -> 0.049255882 | L10: =IF($D$15=0,"-",IFERROR(INDEX($A$26:$A$75,MATCH("Objetivo alcanzado",$I$26:$I$75,0)),"No alcanzado")) -> 22 | O10: =$D$15 -> 300000
A11: Horizonte (años) | D11: 22
A12: Frecuencia de capitalización | D12: Mensual
A13: Frecuencia de aportación | D13: Mensual | F13: Cómo interpretar el modelo: 1) El saldo final combina capital inicial, aportaciones e interés compuesto. 2) El saldo real descuenta la inflación para mostrar poder adquisitivo. 3) El detalle por período se audita en la pestaña Detalle. 4) Frecuencias soportadas: anual a semanal. Horizonte máximo recomendado: 50 años.
A14: Momento de la aportación | D14: Al final de cada período
A15: Objetivo patrimonial | D15: 300000
A17: Controles del modelo
A18: Períodos/año de capitalización (n) | D18: =INDEX(Detalle!$L$2:$L$9,MATCH($D$12,Detalle!$K$2:$K$9,0)) -> 12
A19: Períodos/año de aportación (p) | D19: =INDEX(Detalle!$L$2:$L$9,MATCH($D$13,Detalle!$K$2:$K$9,0)) -> 12
A20: Rentabilidad anual neta | D20: =(1+$D$8)*(1-$D$9)-1 -> 0.070241
A21: Períodos base/año | D21: =INDEX(Detalle!$X$3:$AE$10,MATCH($D$18,Detalle!$W$3:$W$10,0),MATCH($D$19,Detalle!$X$2:$AE$2,0)) -> 12
A22: Pasos totales del modelo | D22: =$D$11*$D$21 -> 264
A23: Rentabilidad real anual | D23: =(1+$D$20)/(1+$D$10)-1 -> 0.049255882
A24: Proyección anual
A25: Año | B25: Saldo inicial | C25: Aportaciones del año | D25: Interés del año | E25: Aportado acumulado | F25: Saldo final | G25: Saldo real | H25: % del objetivo | I25: Hito | J25: Helper
A26: 1 | B26: =IF($A26>$D$11,"",IF($A26=1,$D$5,F25)) -> 12500 | C26: =IF($A26>$D$11,"",SUMIF(Detalle!$B$7:$B$15606,$A26,Detalle!$E$7:$E$15606)) -> 3900 | D26: =IF($A26>$D$11,"",SUMIF(Detalle!$B$7:$B$15606,$A26,Detalle!$F$7:$F$15606)) -> 1034.876 | E26: =IF($A26>$D$11,"",IF($A26=1,$D$5+C26,E25+C26)) -> 16400 | F26: =IF($A26>$D$11,"",SUMIF(Detalle!$B$7:$B$15606,$A26,Detalle!$J$7:$J$15606)) -> 17434.876 | G26: =IF($A26>$D$11,"",F26/(1+$D$10)^A26) -> 17093.016 | H26: =IF(OR($A26>$D$11,$D$15=0),"",F26/$D$15) -> 0.058116253 | I26: =IF(AND($D$15>0,F26>=$D$15,COUNTIF($F$26:F26,">="&$D$15)=1),"Objetivo alcanzado","") | J26: =IF(I26="Objetivo alcanzado",A26,0) -> 0
A27: 2 | B27: =IF($A27>$D$11,"",IF($A27=1,$D$5,F26)) -> 17434.876 | C27: =IF($A27>$D$11,"",SUMIF(Detalle!$B$7:$B$15606,$A27,Detalle!$E$7:$E$15606)) -> 3997.5 | D27: =IF($A27>$D$11,"",SUMIF(Detalle!$B$7:$B$15606,$A27,Detalle!$F$7:$F$15606)) -> 1396.0876 | E27: =IF($A27>$D$11,"",IF($A27=1,$D$5+C27,E26+C27)) -> 20397.5 | F27: =IF($A27>$D$11,"",SUMIF(Detalle!$B$7:$B$15606,$A27,Detalle!$J$7:$J$15606)) -> 22828.464 | G27: =IF($A27>$D$11,"",F27/(1+$D$10)^A27) -> 21942.007 | H27: =IF(OR($A27>$D$11,$D$15=0),"",F27/$D$15) -> 0.076094879 | I27: =IF(AND($D$15>0,F27>=$D$15,COUNTIF($F$26:F27,">="&$D$15)=1),"Objetivo alcanzado","") | J27: =IF(I27="Objetivo alcanzado",A27,0) -> 0
A28: 3 | B28: =IF($A28>$D$11,"",IF($A28=1,$D$5,F27)) -> 22828.464 | C28: =IF($A28>$D$11,"",SUMIF(Detalle!$B$7:$B$15606,$A28,Detalle!$E$7:$E$15606)) -> 4097.4375 | D28: =IF($A28>$D$11,"",SUMIF(Detalle!$B$7:$B$15606,$A28,Detalle!$F$7:$F$15606)) -> 1790.6573 | E28: =IF($A28>$D$11,"",IF($A28=1,$D$5+C28,E27+C28)) -> 24494.938 | F28: =IF($A28>$D$11,"",SUMIF(Detalle!$B$7:$B$15606,$A28,Detalle!$J$7:$J$15606)) -> 28716.558 | G28: =IF($A28>$D$11,"",F28/(1+$D$10)^A28) -> 27060.254 | H28: =IF(OR($A28>$D$11,$D$15=0),"",F28/$D$15) -> 0.095721862 | I28: =IF(AND($D$15>0,F28>=$D$15,COUNTIF($F$26:F28,">="&$D$15)=1),"Objetivo alcanzado","") | J28: =IF(I28="Objetivo alcanzado",A28,0) -> 0
A29: 4 | B29: =IF($A29>$D$11,"",IF($A29=1,$D$5,F28)) -> 28716.558 | C29: =IF($A29>$D$11,"",SUMIF(Detalle!$B$7:$B$15606,$A29,Detalle!$E$7:$E$15606)) -> 4199.8734 | D29: =IF($A29>$D$11,"",SUMIF(Detalle!$B$7:$B$15606,$A29,Detalle!$F$7:$F$15606)) -> 2221.1841 | E29: =IF($A29>$D$11,"",IF($A29=1,$D$5+C29,E28+C29)) -> 28694.811 | F29: =IF($A29>$D$11,"",SUMIF(Detalle!$B$7:$B$15606,$A29,Detalle!$J$7:$J$15606)) -> 35137.616 | G29: =IF($A29>$D$11,"",F29/(1+$D$10)^A29) -> 32461.726 | H29: =IF(OR($A29>$D$11,$D$15=0),"",F29/$D$15) -> 0.11712539 | I29: =IF(AND($D$15>0,F29>=$D$15,COUNTIF($F$26:F29,">="&$D$15)=1),"Objetivo alcanzado","") | J29: =IF(I29="Objetivo alcanzado",A29,0) -> 0
A30: 5 | B30: =IF($A30>$D$11,"",IF($A30=1,$D$5,F29)) -> 35137.616 | C30: =IF($A30>$D$11,"",SUMIF(Detalle!$B$7:$B$15606,$A30,Detalle!$E$7:$E$15606)) -> 4304.8703 | D30: =IF($A30>$D$11,"",SUMIF(Detalle!$B$7:$B$15606,$A30,Detalle!$F$7:$F$15606)) -> 2690.4599 | E30: =IF($A30>$D$11,"",IF($A30=1,$D$5+C30,E29+C30)) -> 32999.681 | F30: =IF($A30>$D$11,"",SUMIF(Detalle!$B$7:$B$15606,$A30,Detalle!$J$7:$J$15606)) -> 42132.946 | G30: =IF($A30>$D$11,"",F30/(1+$D$10)^A30) -> 38161.107 | H30: =IF(OR($A30>$D$11,$D$15=0),"",F30/$D$15) -> 0.14044315 | I30: =IF(AND($D$15>0,F30>=$D$15,COUNTIF($F$26:F30,">="&$D$15)=1),"Objetivo alcanzado","") | J30: =IF(I30="Objetivo alcanzado",A30,0) -> 0
A31: 6 | B31: =IF($A31>$D$11,"",IF($A31=1,$D$5,F30)) -> 42132.946 | C31: =IF($A31>$D$11,"",SUMIF(Detalle!$B$7:$B$15606,$A31,Detalle!$E$7:$E$15606)) -> 4412.492 | D31: =IF($A31>$D$11,"",SUMIF(Detalle!$B$7:$B$15606,$A31,Detalle!$F$7:$F$15606)) -> 3201.4836 | E31: =IF($A31>$D$11,"",IF($A31=1,$D$5+C31,E30+C31)) -> 37412.173 | F31: =IF($A31>$D$11,"",SUMIF(Detalle!$B$7:$B$15606,$A31,Detalle!$J$7:$J$15606)) -> 49746.922 | G31: =IF($A31>$D$11,"",F31/(1+$D$10)^A31) -> 44173.843 | H31: =IF(OR($A31>$D$11,$D$15=0),"",F31/$D$15) -> 0.16582307 | I31: =IF(AND($D$15>0,F31>=$D$15,COUNTIF($F$26:F31,">="&$D$15)=1),"Objetivo alcanzado","") | J31: =IF(I31="Objetivo alcanzado",A31,0) -> 0
A32: 7 | B32: =IF($A32>$D$11,"",IF($A32=1,$D$5,F31)) -> 49746.922 | C32: =IF($A32>$D$11,"",SUMIF(Detalle!$B$7:$B$15606,$A32,Detalle!$E$7:$E$15606)) -> 4522.8043 | D32: =IF($A32>$D$11,"",SUMIF(Detalle!$B$7:$B$15606,$A32,Detalle!$F$7:$F$15606)) -> 3757.4765 | E32: =IF($A32>$D$11,"",IF($A32=1,$D$5+C32,E31+C32)) -> 41934.978 | F32: =IF($A32>$D$11,"",SUMIF(Detalle!$B$7:$B$15606,$A32,Detalle!$J$7:$J$15606)) -> 58027.203 | G32: =IF($A32>$D$11,"",F32/(1+$D$10)^A32) -> 50516.172 | H32: =IF(OR($A32>$D$11,$D$15=0),"",F32/$D$15) -> 0.19342401 | I32: =IF(AND($D$15>0,F32>=$D$15,COUNTIF($F$26:F32,">="&$D$15)=1),"Objetivo alcanzado","") | J32: =IF(I32="Objetivo alcanzado",A32,0) -> 0
A33: 8 | B33: =IF($A33>$D$11,"",IF($A33=1,$D$5,F32)) -> 58027.203 | C33: =IF($A33>$D$11,"",SUMIF(Detalle!$B$7:$B$15606,$A33,Detalle!$E$7:$E$15606)) -> 4635.8744 | D33: =IF($A33>$D$11,"",SUMIF(Detalle!$B$7:$B$15606,$A33,Detalle!$F$7:$F$15606)) -> 4361.8984 | E33: =IF($A33>$D$11,"",IF($A33=1,$D$5+C33,E32+C33)) -> 46570.852 | F33: =IF($A33>$D$11,"",SUMIF(Detalle!$B$7:$B$15606,$A33,Detalle!$J$7:$J$15606)) -> 67024.976 | G33: =IF($A33>$D$11,"",F33/(1+$D$10)^A33) -> 57205.171 | H33: =IF(OR($A33>$D$11,$D$15=0),"",F33/$D$15) -> 0.22341659 | I33: =IF(AND($D$15>0,F33>=$D$15,COUNTIF($F$26:F33,">="&$D$15)=1),"Objetivo alcanzado","") | J33: =IF(I33="Objetivo alcanzado",A33,0) -> 0
A34: 9 | B34: =IF($A34>$D$11,"",IF($A34=1,$D$5,F33)) -> 67024.976 | C34: =IF($A34>$D$11,"",SUMIF(Detalle!$B$7:$B$15606,$A34,Detalle!$E$7:$E$15606)) -> 4751.7713 | D34: =IF($A34>$D$11,"",SUMIF(Detalle!$B$7:$B$15606,$A34,Detalle!$F$7:$F$15606)) -> 5018.4651 | E34: =IF($A34>$D$11,"",IF($A34=1,$D$5+C34,E33+C34)) -> 51322.623 | F34: =IF($A34>$D$11,"",SUMIF(Detalle!$B$7:$B$15606,$A34,Detalle!$J$7:$J$15606)) -> 76795.212 | G34: =IF($A34>$D$11,"",F34/(1+$D$10)^A34) -> 64258.798 | H34: =IF(OR($A34>$D$11,$D$15=0),"",F34/$D$15) -> 0.25598404 | I34: =IF(AND($D$15>0,F34>=$D$15,COUNTIF($F$26:F34,">="&$D$15)=1),"Objetivo alcanzado","") | J34: =IF(I34="Objetivo alcanzado",A34,0) -> 0
A35: 10 | B35: =IF($A35>$D$11,"",IF($A35=1,$D$5,F34)) -> 76795.212 | C35: =IF($A35>$D$11,"",SUMIF(Detalle!$B$7:$B$15606,$A35,Detalle!$E$7:$E$15606)) -> 4870.5656 | D35: =IF($A35>$D$11,"",SUMIF(Detalle!$B$7:$B$15606,$A35,Detalle!$F$7:$F$15606)) -> 5731.1668 | E35: =IF($A35>$D$11,"",IF($A35=1,$D$5+C35,E34+C35)) -> 56193.189 | F35: =IF($A35>$D$11,"",SUMIF(Detalle!$B$7:$B$15606,$A35,Detalle!$J$7:$J$15606)) -> 87396.944 | G35: =IF($A35>$D$11,"",F35/(1+$D$10)^A35) -> 71695.935 | H35: =IF(OR($A35>$D$11,$D$15=0),"",F35/$D$15) -> 0.29132315 | I35: =IF(AND($D$15>0,F35>=$D$15,COUNTIF($F$26:F35,">="&$D$15)=1),"Objetivo alcanzado","") | J35: =IF(I35="Objetivo alcanzado",A35,0) -> 0
A36: 11 | B36: =IF($A36>$D$11,"",IF($A36=1,$D$5,F35)) -> 87396.944 | C36: =IF($A36>$D$11,"",SUMIF(Detalle!$B$7:$B$15606,$A36,Detalle!$E$7:$E$15606)) -> 4992.3297 | D36: =IF($A36>$D$11,"",SUMIF(Detalle!$B$7:$B$15606,$A36,Detalle!$F$7:$F$15606)) -> 6504.2886 | E36: =IF($A36>$D$11,"",IF($A36=1,$D$5+C36,E35+C36)) -> 61185.519 | F36: =IF($A36>$D$11,"",SUMIF(Detalle!$B$7:$B$15606,$A36,Detalle!$J$7:$J$15606)) -> 98893.563 | G36: =IF($A36>$D$11,"",F36/(1+$D$10)^A36) -> 79536.437 | H36: =IF(OR($A36>$D$11,$D$15=0),"",F36/$D$15) -> 0.32964521 | I36: =IF(AND($D$15>0,F36>=$D$15,COUNTIF($F$26:F36,">="&$D$15)=1),"Objetivo alcanzado","") | J36: =IF(I36="Objetivo alcanzado",A36,0) -> 0
A37: 12 | B37: =IF($A37>$D$11,"",IF($A37=1,$D$5,F36)) -> 98893.563 | C37: =IF($A37>$D$11,"",SUMIF(Detalle!$B$7:$B$15606,$A37,Detalle!$E$7:$E$15606)) -> 5117.138 | D37: =IF($A37>$D$11,"",SUMIF(Detalle!$B$7:$B$15606,$A37,Detalle!$F$7:$F$15606)) -> 7342.4316 | E37: =IF($A37>$D$11,"",IF($A37=1,$D$5+C37,E36+C37)) -> 66302.657 | F37: =IF($A37>$D$11,"",SUMIF(Detalle!$B$7:$B$15606,$A37,Detalle!$J$7:$J$15606)) -> 111353.13 | G37: =IF($A37>$D$11,"",F37/(1+$D$10)^A37) -> 87801.185 | H37: =IF(OR($A37>$D$11,$D$15=0),"",F37/$D$15) -> 0.37117711 | I37: =IF(AND($D$15>0,F37>=$D$15,COUNTIF($F$26:F37,">="&$D$15)=1),"Objetivo alcanzado","") | J37: =IF(I37="Objetivo alcanzado",A37,0) -> 0
... A75: 50 | B75: =IF($A75>$D$11,"",IF($A75=1,$D$5,F74)) | C75: =IF($A75>$D$11,"",SUMIF(Detalle!$B$7:$B$15606,$A75,Detalle!$E$7:$E$15606)) | D75: =IF($A75>$D$11,"",SUMIF(Detalle!$B$7:$B$15606,$A75,Detalle!$F$7:$F$15606)) | E75: =IF($A75>$D$11,"",IF($A75=1,$D$5+C75,E74+C75)) | F75: =IF($A75>$D$11,"",SUMIF(Detalle!$B$7:$B$15606,$A75,Detalle!$J$7:$J$15606)) | G75: =IF($A75>$D$11,"",F75/(1+$D$10)^A75) | H75: =IF(OR($A75>$D$11,$D$15=0),"",F75/$D$15) | I75: =IF(AND($D$15>0,F75>=$D$15,COUNTIF($F$26:F75,">="&$D$15)=1),"Objetivo alcanzado","") -> Objetivo alcanzado | J75: =IF(I75="Objetivo alcanzado",A75,0) -> 50

Sheet Detalle
A1: Detalle por período
A2: Esta hoja desglosa cada paso del cálculo. Las filas sobrantes quedan vacías automáticamente. | K2: Anual | L2: 1 | N2: base_periods | O2: =Calculadora!$D$21 -> 12 | X2: 1 | Y2: 2 | Z2: 4 | AA2: 6 | AB2: 12 | AC2: 24 | AD2: 26 | AE2: 52
B3: Rentabilidad neta anual | C3: =Calculadora!$D$20 -> 0.070241 | E3: Períodos base/año | F3: =Calculadora!$D$21 -> 12 | H3: Pasos totales | I3: =Calculadora!$D$22 -> 264 | K3: Semestral | L3: 2 | N3: total_steps | O3: =Calculadora!$D$22 -> 264 | W3: 1 | X3: 1 | Y3: 2 | Z3: 4 | AA3: 6 | AB3: 12 | AC3: 24 | AD3: 26 | AE3: 52
K4: Trimestral | L4: 4 | N4: compound_freq | O4: =Calculadora!$D$18 -> 12 | W4: 2 | X4: 2 | Y4: 2 | Z4: 4 | AA4: 6 | AB4: 12 | AC4: 24 | AD4: 26 | AE4: 52
K5: Bimestral | L5: 6 | N5: contrib_freq | O5: =Calculadora!$D$19 -> 12 | W5: 4 | X5: 4 | Y5: 4 | Z5: 4 | AA5: 12 | AB5: 12 | AC5: 24 | AD5: 52 | AE5: 52
A6: Paso | B6: Año | C6: Paso del año | D6: Saldo inicial | E6: Aportación | F6: Interés | G6: Saldo final | H6: Aportado acumulado | I6: Interés acumulado | J6: Cierre de año | K6: Mensual | L6: 12 | N6: net_rate | O6: =Calculadora!$D$20 -> 0.070241 | W6: 6 | X6: 6 | Y6: 6 | Z6: 12 | AA6: 6 | AB6: 12 | AC6: 24 | AD6: 78 | AE6: 156
A7: =IF(ROW()-6<=$O$3,ROW()-6,"") -> 1 | B7: =IF(A7="","",INT((A7-1)/$O$2)+1) -> 1 | C7: =IF(A7="","",MOD(A7-1,$O$2)+1) -> 1 | D7: =IF(A7="","",IF(A7=1,Calculadora!$D$5,G6)) -> 12500 | E7: =IF(A7="","",IF($O$9=1,IF(MOD(C7-1,$O$8)=0,Calculadora!$D$6*(1+Calculadora!$D$7)^(B7-1),0),IF(MOD(C7,$O$8)=0,Calculadora!$D$6*(1+Calculadora!$D$7)^(B7-1),0))) -> 325 | F7: =IF(A7="","",(D7+IF($O$9=1,E7,0))*$O$7) -> 73.167708 | G7: =IF(A7="","",D7+E7+F7) -> 12898.168 | H7: =IF(A7="","",Calculadora!$D$5+SUM($E$7:E7)) -> 12825 | I7: =IF(A7="","",G7-H7) -> 73.167708 | J7: =IF(A7="","",IF(C7=$O$2,G7,0)) -> 0 | K7: Quincenal (24) | L7: 24 | N7: step_rate | O7: =IFERROR((1+$O$6/$O$4)^($O$4/$O$2)-1,0) -> 0.0058534167 | W7: 12 | X7: 12 | Y7: 12 | Z7: 12 | AA7: 12 | AB7: 12 | AC7: 24 | AD7: 156 | AE7: 156
A8: =IF(ROW()-6<=$O$3,ROW()-6,"") -> 2 | B8: =IF(A8="","",INT((A8-1)/$O$2)+1) -> 1 | C8: =IF(A8="","",MOD(A8-1,$O$2)+1) -> 2 | D8: =IF(A8="","",IF(A8=1,Calculadora!$D$5,G7)) -> 12898.168 | E8: =IF(A8="","",IF($O$9=1,IF(MOD(C8-1,$O$8)=0,Calculadora!$D$6*(1+Calculadora!$D$7)^(B8-1),0),IF(MOD(C8,$O$8)=0,Calculadora!$D$6*(1+Calculadora!$D$7)^(B8-1),0))) -> 325 | F8: =IF(A8="","",(D8+IF($O$9=1,E8,0))*$O$7) -> 75.49835 | G8: =IF(A8="","",D8+E8+F8) -> 13298.666 | H8: =IF(A8="","",Calculadora!$D$5+SUM($E$7:E8)) -> 13150 | I8: =IF(A8="","",G8-H8) -> 148.66606 | J8: =IF(A8="","",IF(C8=$O$2,G8,0)) -> 0 | K8: Cada 2 semanas (26) | L8: 26 | N8: contrib_interval | O8: =IFERROR($O$2/$O$5,0) -> 1 | W8: 24 | X8: 24 | Y8: 24 | Z8: 24 | AA8: 24 | AB8: 24 | AC8: 24 | AD8: 312 | AE8: 312
A9: =IF(ROW()-6<=$O$3,ROW()-6,"") -> 3 | B9: =IF(A9="","",INT((A9-1)/$O$2)+1) -> 1 | C9: =IF(A9="","",MOD(A9-1,$O$2)+1) -> 3 | D9: =IF(A9="","",IF(A9=1,Calculadora!$D$5,G8)) -> 13298.666 | E9: =IF(A9="","",IF($O$9=1,IF(MOD(C9-1,$O$8)=0,Calculadora!$D$6*(1+Calculadora!$D$7)^(B9-1),0),IF(MOD(C9,$O$8)=0,Calculadora!$D$6*(1+Calculadora!$D$7)^(B9-1),0))) -> 325 | F9: =IF(A9="","",(D9+IF($O$9=1,E9,0))*$O$7) -> 77.842634 | G9: =IF(A9="","",D9+E9+F9) -> 13701.509 | H9: =IF(A9="","",Calculadora!$D$5+SUM($E$7:E9)) -> 13475 | I9: =IF(A9="","",G9-H9) -> 226.50869 | J9: =IF(A9="","",IF(C9=$O$2,G9,0)) -> 0 | K9: Semanal (52) | L9: 52 | N9: timing_flag | O9: =MATCH(Calculadora!$D$14,$K$12:$K$13,0)-1 -> 0 | W9: 26 | X9: 26 | Y9: 26 | Z9: 52 | AA9: 78 | AB9: 156 | AC9: 312 | AD9: 26 | AE9: 52
A10: =IF(ROW()-6<=$O$3,ROW()-6,"") -> 4 | B10: =IF(A10="","",INT((A10-1)/$O$2)+1) -> 1 | C10: =IF(A10="","",MOD(A10-1,$O$2)+1) -> 4 | D10: =IF(A10="","",IF(A10=1,Calculadora!$D$5,G9)) -> 13701.509 | E10: =IF(A10="","",IF($O$9=1,IF(MOD(C10-1,$O$8)=0,Calculadora!$D$6*(1+Calculadora!$D$7)^(B10-1),0),IF(MOD(C10,$O$8)=0,Calculadora!$D$6*(1+Calculadora!$D$7)^(B10-1),0))) -> 325 | F10: =IF(A10="","",(D10+IF($O$9=1,E10,0))*$O$7) -> 80.200639 | G10: =IF(A10="","",D10+E10+F10) -> 14106.709 | H10: =IF(A10="","",Calculadora!$D$5+SUM($E$7:E10)) -> 13800 | I10: =IF(A10="","",G10-H10) -> 306.70933 | J10: =IF(A10="","",IF(C10=$O$2,G10,0)) -> 0 | W10: 52 | X10: 52 | Y10: 52 | Z10: 52 | AA10: 156 | AB10: 156 | AC10: 312 | AD10: 52 | AE10: 52
A11: =IF(ROW()-6<=$O$3,ROW()-6,"") -> 5 | B11: =IF(A11="","",INT((A11-1)/$O$2)+1) -> 1 | C11: =IF(A11="","",MOD(A11-1,$O$2)+1) -> 5 | D11: =IF(A11="","",IF(A11=1,Calculadora!$D$5,G10)) -> 14106.709 | E11: =IF(A11="","",IF($O$9=1,IF(MOD(C11-1,$O$8)=0,Calculadora!$D$6*(1+Calculadora!$D$7)^(B11-1),0),IF(MOD(C11,$O$8)=0,Calculadora!$D$6*(1+Calculadora!$D$7)^(B11-1),0))) -> 325 | F11: =IF(A11="","",(D11+IF($O$9=1,E11,0))*$O$7) -> 82.572448 | G11: =IF(A11="","",D11+E11+F11) -> 14514.282 | H11: =IF(A11="","",Calculadora!$D$5+SUM($E$7:E11)) -> 14125 | I11: =IF(A11="","",G11-H11) -> 389.28178 | J11: =IF(A11="","",IF(C11=$O$2,G11,0)) -> 0
A12: =IF(ROW()-6<=$O$3,ROW()-6,"") -> 6 | B12: =IF(A12="","",INT((A12-1)/$O$2)+1) -> 1 | C12: =IF(A12="","",MOD(A12-1,$O$2)+1) -> 6 | D12: =IF(A12="","",IF(A12=1,Calculadora!$D$5,G11)) -> 14514.282 | E12: =IF(A12="","",IF($O$9=1,IF(MOD(C12-1,$O$8)=0,Calculadora!$D$6*(1+Calculadora!$D$7)^(B12-1),0),IF(MOD(C12,$O$8)=0,Calculadora!$D$6*(1+Calculadora!$D$7)^(B12-1),0))) -> 325 | F12: =IF(A12="","",(D12+IF($O$9=1,E12,0))*$O$7) -> 84.958139 | G12: =IF(A12="","",D12+E12+F12) -> 14924.24 | H12: =IF(A12="","",Calculadora!$D$5+SUM($E$7:E12)) -> 14450 | I12: =IF(A12="","",G12-H12) -> 474.23992 | J12: =IF(A12="","",IF(C12=$O$2,G12,0)) -> 0 | K12: Al final de cada período
A13: =IF(ROW()-6<=$O$3,ROW()-6,"") -> 7 | B13: =IF(A13="","",INT((A13-1)/$O$2)+1) -> 1 | C13: =IF(A13="","",MOD(A13-1,$O$2)+1) -> 7 | D13: =IF(A13="","",IF(A13=1,Calculadora!$D$5,G12)) -> 14924.24 | E13: =IF(A13="","",IF($O$9=1,IF(MOD(C13-1,$O$8)=0,Calculadora!$D$6*(1+Calculadora!$D$7)^(B13-1),0),IF(MOD(C13,$O$8)=0,Calculadora!$D$6*(1+Calculadora!$D$7)^(B13-1),0))) -> 325 | F13: =IF(A13="","",(D13+IF($O$9=1,E13,0))*$O$7) -> 87.357795 | G13: =IF(A13="","",D13+E13+F13) -> 15336.598 | H13: =IF(A13="","",Calculadora!$D$5+SUM($E$7:E13)) -> 14775 | I13: =IF(A13="","",G13-H13) -> 561.59771 | J13: =IF(A13="","",IF(C13=$O$2,G13,0)) -> 0 | K13: Al inicio de cada período
A14: =IF(ROW()-6<=$O$3,ROW()-6,"") -> 8 | B14: =IF(A14="","",INT((A14-1)/$O$2)+1) -> 1 | C14: =IF(A14="","",MOD(A14-1,$O$2)+1) -> 8 | D14: =IF(A14="","",IF(A14=1,Calculadora!$D$5,G13)) -> 15336.598 | E14: =IF(A14="","",IF($O$9=1,IF(MOD(C14-1,$O$8)=0,Calculadora!$D$6*(1+Calculadora!$D$7)^(B14-1),0),IF(MOD(C14,$O$8)=0,Calculadora!$D$6*(1+Calculadora!$D$7)^(B14-1),0))) -> 325 | F14: =IF(A14="","",(D14+IF($O$9=1,E14,0))*$O$7) -> 89.771497 | G14: =IF(A14="","",D14+E14+F14) -> 15751.369 | H14: =IF(A14="","",Calculadora!$D$5+SUM($E$7:E14)) -> 15100 | I14: =IF(A14="","",G14-H14) -> 651.36921 | J14: =IF(A14="","",IF(C14=$O$2,G14,0)) -> 0
A15: =IF(ROW()-6<=$O$3,ROW()-6,"") -> 9 | B15: =IF(A15="","",INT((A15-1)/$O$2)+1) -> 1 | C15: =IF(A15="","",MOD(A15-1,$O$2)+1) -> 9 | D15: =IF(A15="","",IF(A15=1,Calculadora!$D$5,G14)) -> 15751.369 | E15: =IF(A15="","",IF($O$9=1,IF(MOD(C15-1,$O$8)=0,Calculadora!$D$6*(1+Calculadora!$D$7)^(B15-1),0),IF(MOD(C15,$O$8)=0,Calculadora!$D$6*(1+Calculadora!$D$7)^(B15-1),0))) -> 325 | F15: =IF(A15="","",(D15+IF($O$9=1,E15,0))*$O$7) -> 92.199327 | G15: =IF(A15="","",D15+E15+F15) -> 16168.569 | H15: =IF(A15="","",Calculadora!$D$5+SUM($E$7:E15)) -> 15425 | I15: =IF(A15="","",G15-H15) -> 743.56854 | J15: =IF(A15="","",IF(C15=$O$2,G15,0)) -> 0
A16: =IF(ROW()-6<=$O$3,ROW()-6,"") -> 10 | B16: =IF(A16="","",INT((A16-1)/$O$2)+1) -> 1 | C16: =IF(A16="","",MOD(A16-1,$O$2)+1) -> 10 | D16: =IF(A16="","",IF(A16=1,Calculadora!$D$5,G15)) -> 16168.569 | E16: =IF(A16="","",IF($O$9=1,IF(MOD(C16-1,$O$8)=0,Calculadora!$D$6*(1+Calculadora!$D$7)^(B16-1),0),IF(MOD(C16,$O$8)=0,Calculadora!$D$6*(1+Calculadora!$D$7)^(B16-1),0))) -> 325 | F16: =IF(A16="","",(D16+IF($O$9=1,E16,0))*$O$7) -> 94.641369 | G16: =IF(A16="","",D16+E16+F16) -> 16588.21 | H16: =IF(A16="","",Calculadora!$D$5+SUM($E$7:E16)) -> 15750 | I16: =IF(A16="","",G16-H16) -> 838.2099 | J16: =IF(A16="","",IF(C16=$O$2,G16,0)) -> 0
A17: =IF(ROW()-6<=$O$3,ROW()-6,"") -> 11 | B17: =IF(A17="","",INT((A17-1)/$O$2)+1) -> 1 | C17: =IF(A17="","",MOD(A17-1,$O$2)+1) -> 11 | D17: =IF(A17="","",IF(A17=1,Calculadora!$D$5,G16)) -> 16588.21 | E17: =IF(A17="","",IF($O$9=1,IF(MOD(C17-1,$O$8)=0,Calculadora!$D$6*(1+Calculadora!$D$7)^(B17-1),0),IF(MOD(C17,$O$8)=0,Calculadora!$D$6*(1+Calculadora!$D$7)^(B17-1),0))) -> 325 | F17: =IF(A17="","",(D17+IF($O$9=1,E17,0))*$O$7) -> 97.097704 | G17: =IF(A17="","",D17+E17+F17) -> 17010.308 | H17: =IF(A17="","",Calculadora!$D$5+SUM($E$7:E17)) -> 16075 | I17: =IF(A17="","",G17-H17) -> 935.30761 | J17: =IF(A17="","",IF(C17=$O$2,G17,0)) -> 0
A18: =IF(ROW()-6<=$O$3,ROW()-6,"") -> 12 | B18: =IF(A18="","",INT((A18-1)/$O$2)+1) -> 1 | C18: =IF(A18="","",MOD(A18-1,$O$2)+1) -> 12 | D18: =IF(A18="","",IF(A18=1,Calculadora!$D$5,G17)) -> 17010.308 | E18: =IF(A18="","",IF($O$9=1,IF(MOD(C18-1,$O$8)=0,Calculadora!$D$6*(1+Calculadora!$D$7)^(B18-1),0),IF(MOD(C18,$O$8)=0,Calculadora!$D$6*(1+Calculadora!$D$7)^(B18-1),0))) -> 325 | F18: =IF(A18="","",(D18+IF($O$9=1,E18,0))*$O$7) -> 99.568418 | G18: =IF(A18="","",D18+E18+F18) -> 17434.876 | H18: =IF(A18="","",Calculadora!$D$5+SUM($E$7:E18)) -> 16400 | I18: =IF(A18="","",G18-H18) -> 1034.876 | J18: =IF(A18="","",IF(C18=$O$2,G18,0)) -> 17434.876
A19: =IF(ROW()-6<=$O$3,ROW()-6,"") -> 13 | B19: =IF(A19="","",INT((A19-1)/$O$2)+1) -> 2 | C19: =IF(A19="","",MOD(A19-1,$O$2)+1) -> 1 | D19: =IF(A19="","",IF(A19=1,Calculadora!$D$5,G18)) -> 17434.876 | E19: =IF(A19="","",IF($O$9=1,IF(MOD(C19-1,$O$8)=0,Calculadora!$D$6*(1+Calculadora!$D$7)^(B19-1),0),IF(MOD(C19,$O$8)=0,Calculadora!$D$6*(1+Calculadora!$D$7)^(B19-1),0))) -> 333.125 | F19: =IF(A19="","",(D19+IF($O$9=1,E19,0))*$O$7) -> 102.05359 | G19: =IF(A19="","",D19+E19+F19) -> 17870.055 | H19: =IF(A19="","",Calculadora!$D$5+SUM($E$7:E19)) -> 16733.125 | I19: =IF(A19="","",G19-H19) -> 1136.9296 | J19: =IF(A19="","",IF(C19=$O$2,G19,0)) -> 0
A20: =IF(ROW()-6<=$O$3,ROW()-6,"") -> 14 | B20: =IF(A20="","",INT((A20-1)/$O$2)+1) -> 2 | C20: =IF(A20="","",MOD(A20-1,$O$2)+1) -> 2 | D20: =IF(A20="","",IF(A20=1,Calculadora!$D$5,G19)) -> 17870.055 | E20: =IF(A20="","",IF($O$9=1,IF(MOD(C20-1,$O$8)=0,Calculadora!$D$6*(1+Calculadora!$D$7)^(B20-1),0),IF(MOD(C20,$O$8)=0,Calculadora!$D$6*(1+Calculadora!$D$7)^(B20-1),0))) -> 333.125 | F20: =IF(A20="","",(D20+IF($O$9=1,E20,0))*$O$7) -> 104.60088 | G20: =IF(A20="","",D20+E20+F20) -> 18307.78 | H20: =IF(A20="","",Calculadora!$D$5+SUM($E$7:E20)) -> 17066.25 | I20: =IF(A20="","",G20-H20) -> 1241.5305 | J20: =IF(A20="","",IF(C20=$O$2,G20,0)) -> 0
A21: =IF(ROW()-6<=$O$3,ROW()-6,"") -> 15 | B21: =IF(A21="","",INT((A21-1)/$O$2)+1) -> 2 | C21: =IF(A21="","",MOD(A21-1,$O$2)+1) -> 3 | D21: =IF(A21="","",IF(A21=1,Calculadora!$D$5,G20)) -> 18307.78 | E21: =IF(A21="","",IF($O$9=1,IF(MOD(C21-1,$O$8)=0,Calculadora!$D$6*(1+Calculadora!$D$7)^(B21-1),0),IF(MOD(C21,$O$8)=0,Calculadora!$D$6*(1+Calculadora!$D$7)^(B21-1),0))) -> 333.125 | F21: =IF(A21="","",(D21+IF($O$9=1,E21,0))*$O$7) -> 107.16307 | G21: =IF(A21="","",D21+E21+F21) -> 18748.069 | H21: =IF(A21="","",Calculadora!$D$5+SUM($E$7:E21)) -> 17399.375 | I21: =IF(A21="","",G21-H21) -> 1348.6936 | J21: =IF(A21="","",IF(C21=$O$2,G21,0)) -> 0
A22: =IF(ROW()-6<=$O$3,ROW()-6,"") -> 16 | B22: =IF(A22="","",INT((A22-1)/$O$2)+1) -> 2 | C22: =IF(A22="","",MOD(A22-1,$O$2)+1) -> 4 | D22: =IF(A22="","",IF(A22=1,Calculadora!$D$5,G21)) -> 18748.069 | E22: =IF(A22="","",IF($O$9=1,IF(MOD(C22-1,$O$8)=0,Calculadora!$D$6*(1+Calculadora!$D$7)^(B22-1),0),IF(MOD(C22,$O$8)=0,Calculadora!$D$6*(1+Calculadora!$D$7)^(B22-1),0))) -> 333.125 | F22: =IF(A22="","",(D22+IF($O$9=1,E22,0))*$O$7) -> 109.74026 | G22: =IF(A22="","",D22+E22+F22) -> 19190.934 | H22: =IF(A22="","",Calculadora!$D$5+SUM($E$7:E22)) -> 17732.5 | I22: =IF(A22="","",G22-H22) -> 1458.4338 | J22: =IF(A22="","",IF(C22=$O$2,G22,0)) -> 0
A23: =IF(ROW()-6<=$O$3,ROW()-6,"") -> 17 | B23: =IF(A23="","",INT((A23-1)/$O$2)+1) -> 2 | C23: =IF(A23="","",MOD(A23-1,$O$2)+1) -> 5 | D23: =IF(A23="","",IF(A23=1,Calculadora!$D$5,G22)) -> 19190.934 | E23: =IF(A23="","",IF($O$9=1,IF(MOD(C23-1,$O$8)=0,Calculadora!$D$6*(1+Calculadora!$D$7)^(B23-1),0),IF(MOD(C23,$O$8)=0,Calculadora!$D$6*(1+Calculadora!$D$7)^(B23-1),0))) -> 333.125 | F23: =IF(A23="","",(D23+IF($O$9=1,E23,0))*$O$7) -> 112.33253 | G23: =IF(A23="","",D23+E23+F23) -> 19636.391 | H23: =IF(A23="","",Calculadora!$D$5+SUM($E$7:E23)) -> 18065.625 | I23: =IF(A23="","",G23-H23) -> 1570.7664 | J23: =IF(A23="","",IF(C23=$O$2,G23,0)) -> 0
A24: =IF(ROW()-6<=$O$3,ROW()-6,"") -> 18 | B24: =IF(A24="","",INT((A24-1)/$O$2)+1) -> 2 | C24: =IF(A24="","",MOD(A24-1,$O$2)+1) -> 6 | D24: =IF(A24="","",IF(A24=1,Calculadora!$D$5,G23)) -> 19636.391 | E24: =IF(A24="","",IF($O$9=1,IF(MOD(C24-1,$O$8)=0,Calculadora!$D$6*(1+Calculadora!$D$7)^(B24-1),0),IF(MOD(C24,$O$8)=0,Calculadora!$D$6*(1+Calculadora!$D$7)^(B24-1),0))) -> 333.125 | F24: =IF(A24="","",(D24+IF($O$9=1,E24,0))*$O$7) -> 114.93998 | G24: =IF(A24="","",D24+E24+F24) -> 20084.456 | H24: =IF(A24="","",Calculadora!$D$5+SUM($E$7:E24)) -> 18398.75 | I24: =IF(A24="","",G24-H24) -> 1685.7063 | J24: =IF(A24="","",IF(C24=$O$2,G24,0)) -> 0
A25: =IF(ROW()-6<=$O$3,ROW()-6,"") -> 19 | B25: =IF(A25="","",INT((A25-1)/$O$2)+1) -> 2 | C25: =IF(A25="","",MOD(A25-1,$O$2)+1) -> 7 | D25: =IF(A25="","",IF(A25=1,Calculadora!$D$5,G24)) -> 20084.456 | E25: =IF(A25="","",IF($O$9=1,IF(MOD(C25-1,$O$8)=0,Calculadora!$D$6*(1+Calculadora!$D$7)^(B25-1),0),IF(MOD(C25,$O$8)=0,Calculadora!$D$6*(1+Calculadora!$D$7)^(B25-1),0))) -> 333.125 | F25: =IF(A25="","",(D25+IF($O$9=1,E25,0))*$O$7) -> 117.56269 | G25: =IF(A25="","",D25+E25+F25) -> 20535.144 | H25: =IF(A25="","",Calculadora!$D$5+SUM($E$7:E25)) -> 18731.875 | I25: =IF(A25="","",G25-H25) -> 1803.269 | J25: =IF(A25="","",IF(C25=$O$2,G25,0)) -> 0
... A15606: =IF(ROW()-6<=$O$3,ROW()-6,"") | B15606: =IF(A15606="","",INT((A15606-1)/$O$2)+1) | C15606: =IF(A15606="","",MOD(A15606-1,$O$2)+1) | D15606: =IF(A15606="","",IF(A15606=1,Calculadora!$D$5,G15605)) | E15606: =IF(A15606="","",IF($O$9=1,IF(MOD(C15606-1,$O$8)=0,Calculadora!$D$6*(1+Calculadora!$D$7)^(B15606-1),0),IF(MOD(C15606,$O$8)=0,Calculadora!$D$6*(1+Calculadora!$D$7)^(B15606-1),0))) | F15606: =IF(A15606="","",(D15606+IF($O$9=1,E15606,0))*$O$7) | G15606: =IF(A15606="","",D15606+E15606+F15606) | H15606: =IF(A15606="","",Calculadora!$D$5+SUM($E$7:E15606)) | I15606: =IF(A15606="","",G15606-H15606) | J15606: =IF(A15606="","",IF(C15606=$O$2,G15606,0))
